 Dungeon Crawl Stone Soup version 0.31-a0-4-gefa6de2278 (webtiles) character file.

Game seed: 2827300002218283439

1533 jasper the Gusty (level 8, -6/56 HPs)
             Began as a Demonspawn Air Elementalist on May 3, 2023.
             Killed from afar by Maggie (26 damage)
             ... with a bolt of fire
             ... on level 6 of the Dungeon.
             The game lasted 00:12:37 (5387 turns).

jasper the Gusty (Demonspawn Air Elementalist)      Turns: 5387, Time: 00:12:37

Health: -6/56      AC:  8    Str:  9    XL:     8   Next: 55%
Magic:  2/14       EV: 11    Int: 23    God:
Gold:   162        SH:  9    Dex: 14    Spells: 3/15 levels left

rFire   . . .        o - +6 hammer of Ashenzari's Pride {heavy, rC+ Int+5}
rCold   + + .        k - +0 buckler
rNeg    + . .        w - +2 ring mail {rC+}
rPois   .            (no helmet)
rElec   .            (no cloak)
rCorr   .            (no gloves)
SInv    .            i - +0 pair of boots
Will    .....        p - amulet of reflection
Stlth   ++           j - ring of positive energy
HPRegen 0.29/turn    (no ring)
MPRegen 0.28/turn

%: reflection
@: mesmerised
A: claws 1, demonic guardian 1, magic regeneration, sturdy frame 3
a: no special abilities


You were on level 6 of the Dungeon.
You visited 1 branch of the dungeon, and saw 6 of its levels.

You collected 198 gold pieces.
You spent 36 gold pieces at shops.

Inventory:

Hand Weapons
 c - a +0 hand axe
 f - a +0 long sword
 h - a +4 trident
 o - the +6 hammer of Ashenzari's Pride (weapon) {heavy, rC+ Int+5}
   (You found it on level 5 of the Dungeon)

   Int:       It affects your intelligence (+5).
   rC:        It protects you from cold.
 q - a +2 flail of protection
Missiles
 d - 51 stones
Armour
 a - a +0 robe
 e - a +0 cloak
 i - a +0 pair of boots (worn)
 k - a +0 buckler (worn)
 w - a +2 ring mail of cold resistance (worn)
Jewellery
 j - a ring of positive energy (left claw)
 p - an amulet of reflection (around neck)
Wands
 m - a wand of mindburst (10)
 s - a wand of iceblast (1)
Scrolls
 g - 2 scrolls of teleportation
 l - a scroll of vulnerability
 v - 3 scrolls of fog
 y - a scroll of fear
Potions
 b - a potion of magic
 n - a potion of lignification
 r - a potion of heal wounds
 t - 3 potions of degeneration
 u - 2 potions of curing
 x - 3 potions of brilliance
 z - a potion of invisibility {unknown}


   Skills:
 - Level 1.9 Fighting
 - Level 1.2 Armour
 - Level 2.1 Dodging
 - Level 1.7 Stealth
 + Level 1.3 Shields
 - Level 4.2 Spellcasting
 - Level 1.0 Conjurations
 - Level 6.8 Air Magic
 - Level 6.0 Evocations


You had 3 spell levels left.
You knew the following spells:

 Your Spells              Type           Power      Damage    Failure   Level
a - Shock                 Conj/Air       88%        1d8       3%          1
b - Static Discharge      Conj/Air       44%        2-4/arc   4%          2
c - Swiftness             Air            36%        N/A       3%          3
d - Airstrike             Air            18%        2d(3-19)  10%         4
e - Cigotuvi's Dreadful   Necr/Pois/Air  30%        N/A       10%         2

Your spell library contained the following spells:

 Spells                   Type           Power      Damage    Failure   Level
 Ignite Poison            Fire/Tmut/Pois 4%         N/A       43%         3
 Freezing Cloud           Conj/Ice/Air   8%         6-21      83%         5


Dungeon Overview and Level Annotations

Branches:
Dungeon (6/15)
 Temple: D:4-7

Altars:
Kikubaaqudgha
Nemelex Xobeh
Ru

Shops:
D:4 *   D:5 *

Annotations:
D:4 Eustachio; Ijyb
D:5 2 transporters, erniekerbler's ghost, amateur DECj
D:6 2 runed translucent doors, Maggie


Innate Abilities, Weirdness & Mutations

You have sharp fingernails.
A weak demonic guardian rushes to your aid.
You regenerate magic rapidly.
Your movements are significantly less encumbered by armour. (ER -6)


Message History

Press: ? - help, Dir - move target, f/p - Maggie
Aim: Maggie, wielding a +1 heavy glaive and wearing +0 swamp dragon scales (severely wounded, empty space bonus: 8/8)
The air twists around and strikes Maggie!
Maggie is almost dead.
Maggie mumbles the words to a spell, but in the wrong order.
You now have 2/14 mp.
Casting: Airstrike (dangerous; 10% risk of failure)
Confirm with . or Enter, or press ? or * to list all spells.
You don't have enough magic to cast this spell.
Unknown command.
Aiming: Shock (safe; 3% risk of failure)
Press: ? - help, Q - select action, (/) - cycle Shift-Dir - straight line, f/p - Maggie
Aim: Maggie, wielding a +1 heavy glaive and wearing +0 swamp dragon scales (almost dead, 77% to hit)
The zap misses Maggie.
Aiming: Shock (safe; 3% risk of failure)
Press: ? - help, Q - select action, (/) - cycle Shift-Dir - straight line, f/p - Maggie
Aim: Maggie, wielding a +1 heavy glaive and wearing +0 swamp dragon scales (almost dead, 77% to hit)
The zap misses Maggie.
You now have 1/14 mp.
Maggie closely misses you.
You barely miss Maggie.
Maggie is almost dead.
Maggie gestures at you while chanting. The bolt of fire hits you!!
You take 24 damage, and have 32/56 hp.
MASSIVE DAMAGE!!
You hit Maggie but do no damage.
Maggie is almost dead.
Maggie points at you and mumbles some strange words.
The bolt of fire hits you!
Maggie casts a spell.
Maggie attempts to bespell you!
You are mesmerised by Maggie!
You take 13 damage, and have 19/56 hp.
MASSIVE DAMAGE!!
Aiming: Shock (safe; 3% risk of failure)
Press: ? - help, Q - select action, (/) - cycle Shift-Dir - straight line, f/p - Maggie
Aim: Maggie, wielding a +1 heavy glaive and wearing +0 swamp dragon scales (almost dead, mesmerising, 77% to hit)
The zap misses Maggie.
Maggie gestures at you while chanting. The bolt of fire hits you!!
You die...

.............................#
........#....................#
...#.........)....!......
.........................
....##......#o..s<.......
.......[....#............
.......#)[...............
....#.##<##..............
#...## #.@#.#....####++##
..........@.##... .....§
......####....##. ..#~⌠~ ...
....... .....# . .......
....... ....... .....##


You could see Maggie (mesmerising).

Vanquished Creatures
  Pikel (D:6)
  Sigmund (D:3)
  Menkaure (D:4)
  A water moccasin (D:5)
  2 centaurs
  2 lemures (D:6)
  A scorpion (D:4)
  A hound (D:5)
  2 iguanas (D:5)
  Crazy Yiuf (D:5)
  A gnoll bouda (D:5)
  An orc wizard (D:6)
  7 gnolls
  7 adders
  A shadow imp (D:6)
  2 ufetubi (D:5)
  A worm (D:2)
  4 dart slugs
  10 orcs
  7 endoplasms
  6 giant cockroaches
  11 goblins
  8 hobgoblins
  7 jackals
  4 quokkas
  9 ball pythons
  7 bats
  6 frilled lizards
  4 kobolds
  2 rats (D:2)
118 creatures vanquished.

Vanquished Creatures (collateral kills)
  4 gnolls (D:5)
  A worm (D:3)
5 creatures vanquished.

Grand Total: 123 creatures vanquished

Notes
Turn   | Place    | Note
-------+----------+-------------------------------------------
     0 | D:1      | jasper the Demonspawn Air Elementalist began the quest for
                  | the Orb.
     0 | D:1      | Reached XP level 1. HP: 13/13 MP: 3/3
   634 | D:2      | Gained mutation: A weak demonic guardian rushes to your
                  | aid. [demonic ancestry]
   634 | D:2      | Reached XP level 2. HP: 19/19 MP: 1/5
   976 | D:2      | You fall into a shaft and drop 1 floor!
  1056 | D:3      | Gained mutation: You regenerate magic rapidly. [demonic
                  | ancestry]
  1056 | D:3      | Reached XP level 3. HP: 3/24 MP: 1/7
  1059 | D:3      | Learned a level 2 spell: Static Discharge
  1063 | D:3      | Learned a level 3 spell: Swiftness
  1145 | D:3      | Noticed Sigmund
  1203 | D:4      | Noticed a scorpion
  1211 | D:4      | Killed a scorpion
  1212 | D:4      | Gained mutation: Your movements are slightly less
                  | encumbered by armour. (ER -2) [demonic ancestry]
  1212 | D:4      | Reached XP level 4. HP: 15/30 MP: 1/8
  1449 | D:4      | Found Rlac's Retail Resort.
  1451 | D:4      | Noticed a centaur
  1496 | D:4      | Noticed Eustachio
  1500 | D:4      | Noticed Ijyb
  1502 | D:5      | Entered Level 5 of the Dungeon
  1516 | D:5      | Found an ancient bone altar of Kikubaaqudgha.
  1605 | D:5      | Noticed a centaur
  1662 | D:5      | Killed a centaur
  1663 | D:5      | Gained mutation: You have sharp fingernails. [demonic
                  | ancestry]
  1663 | D:5      | Reached XP level 5. HP: 16/35 MP: 3/10
  1797 | D:5      | Found a runed translucent door.
  1798 | D:5      | Noticed Crazy Yiuf
  2096 | D:5      | Gained mutation: Your movements are less encumbered by
                  | armour. (ER -4) [demonic ancestry]
  2096 | D:5      | Reached XP level 6. HP: 41/41 MP: 8/11
  2364 | D:5      | Noticed a water moccasin
  2367 | D:5      | Killed a water moccasin
  2485 | D:5      | Reached skill level 5 in Evocations
  2532 | D:5      | Found Jes Vaj's CLEARANCE SALE!.
  2542 | D:5      | Bought a wand of iceblast (5) for 36 gold pieces
  2605 | D:5      | Noticed erniekerbler's ghost (amateur DECj)
  2606 | D:5      | Found a transporter.
  2625 | D:5      | Found a transporter.
  2833 | D:5      | Reached XP level 7. HP: 35/46 MP: 8/12
  2838 | D:5      | Learned a level 4 spell: Airstrike
  2999 | D:6      | Noticed Pikel
  3013 | D:6      | Killed Pikel
  3013 | D:6      | Noticed Maggie
  3164 | D:6      | Found a large runed translucent door.
  3164 | D:6      | Found a large runed translucent door.
  3539 | D:3      | Killed Sigmund
  3540 | D:3      | Reached skill level 1 in Fighting
  3540 | D:3      | Gained mutation: Your movements are significantly less
                  | encumbered by armour. (ER -6) [demonic ancestry]
  3540 | D:3      | Reached XP level 8. HP: 54/54 MP: 10/13
  4405 | D:2      | Learned a level 2 spell: Cigotuvi's Dreadful Rot
  4655 | D:3      | Found a sacrificial altar of Ru.
  4702 | D:3      | Found a sparkling altar of Nemelex Xobeh.
  5056 | D:4      | Noticed Menkaure
  5058 | D:4      | Killed Menkaure
  5059 | D:4      | Reached skill level 1 in Armour
  5267 | D:5      | Killed Crazy Yiuf
  5273 | D:5      | Identified the +6 hammer of Ashenzari's Pride {heavy, rC+
                  | Int+5}
  5304 | D:6      | Reached skill level 1 in Shields
  5387 | D:6      | Killed from afar by Maggie

Illustrated notes

Levels and vault maps discovered:
D:1:      shiori_shiawase, layout_basic, st_stairs_3, palyth_stone_intersect
D:2:      layout_rooms, minmay_circled_x
D:3:      layout_basic, mainiacjoe_overflow_two_lobes, serial_glass,
          glass_columns_a, glass_columns_b, glass_columns_a, glass_columns_c,
          glass_columns_a, glass_columns_b, glass_columns_b, glass_columns_b,
          uniq_sigmund
D:4:      layout_rooms, nicolae_alphabet_shops, uniq_ijyb, uniq_menkaure,
          uniq_eustachio
D:5:      layout_basic, mainiacjoe_overflow_paths, gammafunk_ghost_arena,
          chequers_serial_rivers_small_3, nicolae_shop_clearance,
          uniq_crazy_yiuf_cottage
D:6:      layout_cave_pools, temple_pool_b, ebering_ghost_disaster_area,
          uniq_pikel, uniq_maggie

Skill      XL: |  1  2  3  4  5  6  7  8 |
---------------+-------------------------+-----
Air Magic      | 3 4 6 |  6.8
Spellcasting   | 3 4 |  4.2
Evocations     | 2 3 5 6 |  6.0
Fighting       | 1 |  1.9
Dodging        | 2 |  2.1
Armour         | 1 |  1.2
Shields        | 1 |  1.3
Stealth        | |  1.7
Conjurations   | |  1.0

Action                     |  1- 3 |  4- 6 |  7- 9 || total
---------------------------+-------+-------+-------++-------
  Melee: Hand axe          |     4 |       |       ||     4
         Long sword        |    15 |       |       ||    15
         Punch             |     1 |     1 |     1 ||     3
         Trident           |       |    26 |    18 ||    44
         Mace              |       |       |     3 ||     3
   Cast: Shock             |    49 |    90 |    98 ||   237
         Static Discharge  |       |     1 |     7 ||     8
         Airstrike         |       |       |     8 ||     8
  Evoke: Wand              |       |     4 |     4 ||     8
    Use: Potion            |     1 |       |       ||     1
         Scroll            |       |       |    11 ||    11
 Armour: Robe              |     4 |     5 |    17 ||    26
         Ring mail         |       |       |    10 ||    10
  Dodge: Dodged            |    19 |    46 |    40 ||   105
  Block: Other             |       |     8 |    20 ||    28
         Buckler           |       |       |     1 ||     1
         Reflection        |       |       |     1 ||     1

Table legend: (Time is in decaauts)
 A = Elapsed time spent in this place.
 B = Non-inter-level travel time spent in this place.
 C = Inter-level travel time spent in this place.
 D = Time resting spent in this place.
 E = Time spent auto-exploring this place.
 F = Levels seen in this place.
 G = Mean time per level.
                   A        B        C        D        E       F      G
               +--------+--------+--------+--------+--------+-----+--------+
         Total |   5415 |   5087 |    328 |    692 |   3377 |   6 |  902.5 |
       Dungeon |   5415 |   5087 |    328 |    692 |   3377 |   6 |  902.5 |
               +--------+--------+--------+--------+--------+-----+--------+

Top non-repeatable levels by time:
     D:5: 1808 daAuts
     D:1: 1044 daAuts
     D:3: 990 daAuts
     D:4: 813 daAuts
     D:2: 678 daAuts
     D:6: 80 daAuts
